 Dungeon Crawl Stone Soup version 0.19-a0-599-g723c685 (webtiles) character file.

208213 tyrsky the Swashbuckler (level 18, -13/168 HPs)
             Began as a Minotaur Berserker on June 11, 2016.
             Was a High Priest of Trog.
             Mangled by a spectral emperor scorpion (19 damage)
             ... on level 4 of the Spider Nest.
             The game lasted 01:37:37 (34222 turns).

tyrsky the Swashbuckler (Minotaur Berserker)       Turns: 34222, Time: 01:37:37

Health: -13/168    AC: -6    Str: 31    XL:     18   Next: 12%
Magic:  7/7        EV: 20    Int: 13    God:    Trog [*****.]
Gold:   2152       SH: 20    Dex: 13    Spells: 0 memorised, 17 levels left

rFire  + . .     SeeInvis +     R - +4 demon blade (antimagic)
rCold  + . .     Gourm    .     e - +1 scale mail "Sapadgh" {rPois rF+ Dex+2}
rNeg   + + +     Faith    .     f - +2 shield
rPois  +         Spirit   .     (helmet unavailable)
rElec  .         Dismiss  .     q - +0 cloak of Inviolability {*Drain rN++ Int+5}
rCorr  .         Reflect  +     B - +2 pair of gloves
SustAt .         Harm     .     u - +2 pair of boots
MR     +....                    N - +3 amulet of reflection (curse)
Stlth  +.........               l - ring of protection from cold
                                Z - ring of Shadows {Umbra +Inv rN+ SInv}

@: exhausted, about to teleport, corroded, slowed, wreathed by umbra, very slow,
somewhat resistant to hostile enchantments, very unstealthy
A: retaliatory headbutt, fangs 1, horns 3, talons 1, camouflage 1, blink, clever
2, deformed body, strong 1, evolution 1
a: Blink, Berserk, Trog's Hand, Brothers in Arms, Burn Spellbooks, Renounce
Religion, Evoke Invisibility
}: 1/15 runes: decaying


You were on level 4 of the Spider Nest.
You worshipped Trog.
Trog was extremely pleased with you.
You were not hungry.

You visited 5 branches of the dungeon, and saw 31 of its levels.
You also visited: Labyrinth.

You collected 3484 gold pieces.
You spent 1332 gold pieces at shops.

Inventory:

Hand Weapons
 Q - a +9 antimagic quick blade
 R - a +4 antimagic demon blade (weapon)
Armour
 e - the +1 scale mail "Sapadgh" (worn) {rPois rF+ Dex+2}
   (You found it in a labyrinth)

   It affects your dexterity (+2).
   It protects you from fire.
   It protects you from poison.
 f - a +2 shield (worn)
 q - the +0 cloak of Inviolability (worn) {*Drain rN++ Int+5}
   (You acquired it on level 9 of the Dungeon)

   It affects your intelligence (+5).
   It greatly protects you from negative energy.
   It causes draining when unequipped.
 s - the +5 chain mail "Roful" {Str+7 Stlth+}
   (You found it on level 9 of the Dungeon)

   It affects your strength (+7).
   It makes you more stealthy.
 u - a +2 pair of boots (worn)
 B - a +2 pair of gloves (worn)
Jewellery
 b - an uncursed ring of sustain attributes
 i - an uncursed ring of protection from magic
 l - a ring of protection from cold (right hand)
 y - an uncursed ring of protection from fire
 I - an uncursed amulet of guardian spirit
 N - a cursed +3 amulet of reflection (around neck)
 O - an uncursed ring of stealth {unknown}
 P - an uncursed ring of see invisible
 Z - the ring of Shadows (left hand) {Umbra +Inv rN+ SInv}
   (You found it on level 1 of the Swamp)

   [ring of positive energy]

   It protects you from negative energy.
   It lets you see invisible.
   It lets you turn invisible.
Wands
 j - a wand of teleportation (3/9)
 A - a wand of flame (33/48)
 H - a wand of lightning (10/15)
 J - a wand of lightning (3/15)
 M - a wand of teleportation (2/9)
 S - a wand of iceblast (4/15)
 T - a wand of digging (13/24)
 U - a wand of teleportation (2/9)
Scrolls
 d - 11 scrolls of remove curse
 g - 4 scrolls of fog
 m - 2 scrolls of blinking
 C - 4 scrolls of fear
 F - 6 scrolls of recharging
 G - 8 scrolls of magic mapping
 K - 11 scrolls of teleportation
 V - 11 scrolls of identify {@*1}
 Y - 2 scrolls of enchant weapon
Potions
 a - 5 potions of resistance
 h - 2 potions of berserk rage
 o - 12 potions of curing
 p - 5 potions of might
 r - 2 potions of agility
 t - 2 potions of cure mutation
 v - 6 potions of haste
 w - 2 potions of flight
 x - 6 potions of cancellation
 D - 3 potions of invisibility
 E - 4 potions of ambrosia
 L - a potion of heal wounds
 W - 3 potions of lignification
 X - a potion of magic
Comestibles
 c - 10 bread rations
 k - 14 meat rations
 n - 5 beef jerkies
 z - 58 fruits


   Skills:
 * Level 16.6 Fighting
 - Level 17.5 Short Blades
 + Level 16.3 Armour
 + Level 15.3 Dodging
 + Level 15.2 Shields
 + Level 8.7 Evocations


You had 17 spell levels left.
You didn't know any spells.

Dungeon Overview and Level Annotations

Branches:
Dungeon (15/15)            Temple (0/1) D:4            Lair (6/6) D:10
  Swamp (4/4) Lair:3       Spider (4/4) Lair:3        Slime (0/5) Lair:5
    Orc (2/2) D:11            Elf (0/3) Orc:2        Vaults (0/5) D:14
 Depths (0/5) D:15

Altars:
Ashenzari
Cheibriados
Elyvilon
Fedhas
Gozag
Hepliaklqana
Kikubaaqudgha
Makhleb
Okawaru
Pakellas
Sif Muna
Uskayaw
Xom
The Shining One
Beogh
Jiyva

Shops:
D:15 %   Orc:2 !(*([

Annotations:
Lair:5 1 runed door, exclusion: oklob plant


Innate Abilities, Weirdness & Mutations

You reflexively headbutt those who attack you in melee.
You have a pair of large horns on your head.
You have very sharp teeth.
You have sharp toenails.
Your skin changes colour to match your surroundings (Stealth+).
You can translocate small distances at will.
Your mind is very acute. (Int +4)
Armour fits poorly on your strangely shaped body.
Your muscles are strong. (Str +2)
You evolve.


Message History

The death scarab bites you.
* * * LOW HITPOINT WARNING * * *
You block the spectral hornet's attack.
You block the spectral jumping spider's attack.
The spectral jumping spider bites you.
* * * LOW HITPOINT WARNING * * *
You feel much better. You block the death scarab's attack.
You block the spectral hornet's attack.
The spectral emperor scorpion hits you!!
* * * LOW HITPOINT WARNING * * *
The spectral emperor scorpion closely misses you.
The spectral emperor scorpion claws you.
* * * LOW HITPOINT WARNING * * *
The entropy weaver gestures wildly while chanting.
The entropic weave corrodes you!
You block the spectral jumping spider's attack. x2
The spectral hornet hits you!
* * * LOW HITPOINT WARNING * * *
The spectral emperor scorpion hits you!!
You die...

##.≈≈≈#.#...≈≈≈.≈#≈.... #
#...≈≈#..†..#≈≈..# ... #
#..†|##s..######## # #...≈≈#...#
# #....≈#.§.# # #..#.≈#.§.# #
#.....#.§## . # #.....#§§B# .. #
#≈....#.H.# ... # #≈.#..#ZZZ#
.... # #≈≈...##B§# .!... #
#≈≈≈..#.ss###§''''# # ####
#≈#≈..#..p..†...... #
####..###≈≈≈..#......§..... #
#.^....##≈≈...#.#.....§..#. #
..^....##≈....###################
..^....##....#........)....(.^...


You could see an emperor scorpion, an entropy weaver, 2 wolf spiders, a spectral
hornet, a spectral jumping spider, a spectral emperor scorpion and 2 death
scarabs.

Vanquished Creatures
  Arachne (Spider:4)
  2 thorn hunters
  Gastronok (Lair:1)
  Agnes (D:14)
  2 emperor scorpions (Spider:4)
  Louise (D:15)
  A ghost moth (Spider:4)
  Azrael (Orc:2)
  A spark wasp (Spider:4)
  The ghost of Shenda the Fighter, a journeyman GrFi of Okawaru (D:14)
  Erolcha (D:8)
  A vault guard (D:14)
  An entropy weaver (Spider:1)
  25 hydras
  2 catoblepae
  Erica (D:9)
  3 centaur warriors
  A deep troll shaman (Lair:6)
  2 tengu warriors (D:14)
  8 death yaks (Lair:6)
  10 alligators
  Urug (D:12)
  Sonja (D:15)
  8 skeletal warriors
  5 spriggan druids
  4 death scarabs (Spider:4)
  9 swamp dragons
  2 shambling mangroves (Swamp:2)
  3 wizards (D:14)
  7 hill giants
  Pikel (D:7)
  4 lindwurms
  2 wolf spider zombies
  31 wolf spiders
  2 spectral wolf spiders (Spider:4)
  12 deep elf magi
  4 orc knights
  A wolf spider (shapeshifter) (D:15)
  9 orb spiders
  16 ugly things
  2 griffons
  6 hornets
  A manticore (D:11)
  5 elephants (Lair:6)
  2 moths of wrath
  3 cyclopes
  Maurice (D:9)
  3 centaur zombies
  3 black mambas
  9 spiny frogs
  Psyche (D:9)
  A torpor snail (Lair:5)
  5 gargoyles
  A kobold demonologist (D:15)
  A rime drake (Lair:4)
  A redback zombie (Spider:4)
  9 demonic crawlers
  4 spectral redbacks (Spider:4)
  6 komodo dragons
  A polar bear (shapeshifter) (D:15)
  7 trolls
  2 polar bears (Lair:6)
  33 jumping spiders
  2 spectral jumping spiders (Spider:4)
  5 giant leeches
  6 bog bodies
  3 spectral tarantellas (Spider:4)
  3 two-headed ogres
  13 blink frogs
  Prince Ribbit (D:8)
  2 tarantella zombies (Spider:4)
  2 jumping spider zombies (Spider:4)
  A hornet zombie (Spider:4)
  A spectral hornet (Spider:4)
  11 slime creatures
  A centaur simulacrum (D:14)
  65 redbacks
  6 spriggans
  3 shadows
  36 tarantellas
  2 vampires
  3 wyverns
  44 yaks
  A hog (shapeshifter) (D:14)
  20 humans (D:14)
  2 wraiths
  Eustachio (D:5)
  2 fire elementals (Orc:2)
  A hungry ghost (Lab)
  10 vampire mosquitoes
  Grum (D:8)
  9 hippogriffs
  A hippogriff (shapeshifter) (D:15)
  5 wargs
  13 insubstantial wisps
  2 mottled dragons
  14 swamp worms
  22 water moccasins
  The ghost of Kidiri the Magician, an amateur DEFE (D:3)
  4 hell hounds (Orc:2)
  2 ice beasts
  11 porcupines
  11 swamp drakes
  2 black bears
  4 phantoms
  3 sky beasts
  42 orc warriors
  2 eyes of draining
  A necrophage (D:11)
  6 wolves
  2 boggarts (D:15)
  12 wasps
  14 ogres
  4 centaurs
  8 crocodiles
  Blork the orc (D:5)
  18 giant frogs
  A gnoll sergeant (Orc:1)
  2 big kobolds
  2 wyvern zombies
  2 earth elementals (Lab)
  A wyvern skeleton (D:12)
  4 scorpions
  7 killer bees (D:11)
  6 wights
  2 electric eels (Lair:5)
  4 howler monkeys
  A wasp zombie (D:13)
  5 crimson imps
  A quasit (D:9)
  A giant frog zombie (D:13)
  2 giant frog skeletons
  25 orc priests
  A gnoll shaman (D:7)
  5 hounds
  6 jellies
  24 orc wizards
  5 centaur skeletons
  7 worker ants
  10 iguanas
  A killer bee zombie (D:7)
  20 sheep
  An ogre skeleton (Lab)
  A worker ant zombie (D:11)
  6 gnolls
  30 river rats
  22 adders
  3 shadow imps
  2 oozes
  3 worms
  A dart slug (D:1)
  2 giant geckos
  99 orcs
  5 giant cockroaches
  8 hobgoblins
  3 jackals (D:5)
  3 quokkas
  6 bats
  A giant cockroach zombie (D:6)
  7 giant newts
  7 goblins
  19 kobolds
  A quokka skeleton (D:7)
  9 rats
  2 plants
1144 creatures vanquished.

Vanquished Creatures (collateral kills)
  Saint Roka (Orc:2)
  The ghost of Shenda the Fighter, a journeyman GrFi of Okawaru (D:14)
  A minotaur (Lab)
  Fannar (D:11)
  A catoblepas (Lair:6)
  A hydra (Lair:6)
  An entropy weaver (Spider:2)
  2 centaur warriors (D:14)
  6 death yaks (Lair:6)
  A wizard (D:14)
  An unseen horror (D:14)
  A swamp dragon (Swamp:4)
  3 orb spiders
  An orc sorcerer (Orc:2)
  A cyclops (D:12)
  A hill giant (D:15)
  3 elephants (Lair:6)
  A centaur skeleton (D:14)
  A kobold demonologist (D:15)
  An efreet (D:14)
  A yaktaur (D:14)
  A demonic crawler (Spider:4)
  A wind drake (shapeshifter) (D:15)
  3 jumping spiders
  A centaur simulacrum (D:14)
  5 tarantellas
  A fire elemental (Orc:2)
  A water moccasin (Lair:2)
  2 orc warriors (Orc:2)
  3 sky beasts
  A wolf (Lair:6)
  A big kobold (D:15)
  A giant frog (D:14)
  2 orc priests (Orc:2)
  A sheep (D:12)
  3 orcs
  3 kobolds (D:15)
61 creatures vanquished.

Vanquished Creatures (others)
  An alligator (Swamp:4)
  A spriggan druid (Swamp:4)
  An ugly thing (D:15)
  A redback (Spider:2)
  A slave (D:7)
  A sky beast (D:14)
  2 boggarts (D:15)
  4 orcs
  A butterfly (Lair:5)
  7 fungi
  3 plants
23 creatures vanquished.

Grand Total: 1228 creatures vanquished

Notes
Turn   | Place    | Note
--------------------------------------------------------------
     0 | D:1      | tyrsky the Minotaur Berserker began the quest for the Orb.
     0 | D:1      | Reached XP level 1. HP: 19/19 MP: 0/0
   310 | D:1      | Reached XP level 2. HP: 27/27 MP: 1/1
   531 | D:1      | Reached ** piety under Trog
   692 | D:2      | Reached XP level 3. HP: 33/33 MP: 2/2
  1079 | D:2      | Found an opulent altar of Gozag.
  1118 | D:2      | Found a glowing golden altar of the Shining One.
  1274 | D:3      | Reached skill level 4 in Short Blades
  1314 | D:3      | Reached XP level 4. HP: 41/41 MP: 3/3
  1395 | D:3      | Reached XP level 5. HP: 32/47 MP: 4/4
  1674 | D:3      | Noticed Kidiri's ghost (amateur DEFE)
  1687 | D:3      | Killed Kidiri's ghost
  1687 | D:3      | Reached skill level 5 in Fighting
  1687 | D:3      | Reached skill level 5 in Short Blades
  1875 | D:3      | Reached XP level 6. HP: 56/56 MP: 5/5
  2026 | D:4      | Found an iron altar of Okawaru.
  2240 | D:4      | Found a staircase to the Ecumenical Temple.
  2248 | D:4      | Reached *** piety under Trog
  2830 | D:5      | Entered Level 5 of the Dungeon
  2830 | D:5      | Noticed a sky beast
  2837 | D:5      | Killed a sky beast
  2852 | D:5      | Noticed Blork the orc
  2859 | D:5      | Killed Blork the orc
  2859 | D:5      | Reached skill level 6 in Short Blades
  2859 | D:5      | Reached XP level 7. HP: 62/62 MP: 6/6
  2901 | D:5      | Found a white marble altar of Elyvilon.
  3007 | D:5      | Got a crude falchion
  3008 | D:5      | Identified the +8 falchion "Ultimatum" {slice, rC- Str+3 SInv} (You found it on level 5 of the Dungeon)
  3180 | D:5      | Found a burning altar of Makhleb.
  3310 | D:5      | Noticed Eustachio
  3318 | D:5      | Killed Eustachio
  3444 | D:6      | Reached skill level 7 in Short Blades
  3444 | D:6      | Reached skill level 5 in Armour
  3444 | D:6      | Reached skill level 5 in Dodging
  3529 | D:6      | Reached XP level 8. HP: 64/71 MP: 7/7
  3780 | D:6      | Found a hide-covered altar of Uskayaw.
  3849 | D:6      | Found a hazy altar of Hepliaklqana.
  4044 | D:6      | Reached skill level 1 in Shields
  4233 | D:6      | Found an oddly glowing altar of Pakellas.
  4303 | D:7      | Noticed Pikel
  4304 | D:7      | Reached skill level 8 in Short Blades
  4316 | D:7      | Killed Pikel
  4316 | D:7      | Reached XP level 9. HP: 79/79 MP: 8/8
  4334 | D:7      | Reached **** piety under Trog
  4445 | D:7      | Found a shimmering altar of Xom.
  4585 | D:7      | Found a shattered altar of Ashenzari.
  4683 | D:7      | Reached skill level 9 in Short Blades
  4695 | D:7      | Found a deep blue altar of Sif Muna.
  4732 | D:7      | Noticed a gargoyle
  4739 | D:7      | Killed a gargoyle
  5015 | D:8      | Noticed Prince Ribbit
  5017 | D:8      | Killed Prince Ribbit
  5078 | D:8      | Noticed Erolcha
  5084 | D:8      | Killed Erolcha
  5084 | D:8      | Reached skill level 10 in Short Blades
  5084 | D:8      | Reached XP level 10. HP: 68/90 MP: 9/9
  5286 | D:8      | Found an ancient bone altar of Kikubaaqudgha.
  5289 | D:8      | Found a snail-covered altar of Cheibriados.
  5430 | D:8      | Reached skill level 5 in Shields
  5436 | D:8      | Noticed Grum
  5446 | D:8      | Killed Grum
  5625 | D:9      | Noticed Psyche
  5626 | D:9      | Noticed Erica
  5634 | D:9      | Killed Psyche
  5640 | D:9      | Killed Erica
  5738 | D:9      | Identified a scroll of acquirement
  5739 | D:9      | Got a transparent cloak
  5750 | D:9      | Identified the +0 cloak of Inviolability {*Drain rN++ Int+5} (You acquired it on level 9 of the Dungeon)
  5860 | D:9      | Reached skill level 11 in Short Blades
  5958 | D:9      | Reached ***** piety under Trog
  5991 | D:9      | Noticed Maurice
  6001 | D:9      | Killed Maurice
  6085 | D:9      | Got a pitted chain mail
  6096 | D:9      | Identified the +5 chain mail "Roful" {Str+7 Stlth+} (You found it on level 9 of the Dungeon)
  6272 | D:10     | Entered Level 10 of the Dungeon
  6272 | D:10     | Noticed a hill giant
  6282 | D:10     | Killed a hill giant
  6282 | D:10     | Reached XP level 11. HP: 97/97 MP: 10/10
  6498 | D:10     | Received a gift from Trog
  6702 | D:10     | Found a staircase to the Lair.
  6810 | D:11     | Noticed Fannar
  6820 | D:11     | Killed Fannar
  6857 | D:11     | Noticed a hill giant
  6865 | D:11     | Killed a hill giant
  6915 | D:11     | Reached skill level 12 in Short Blades
  6927 | D:11     | Reached skill level 10 in Fighting
  7054 | D:11     | Found a staircase to the Orcish Mines.
  7076 | D:11     | Noticed a hill giant
  7088 | D:11     | Killed a hill giant
  7175 | D:11     | Found a labyrinth entrance.
  7188 | Lab      | Entered a labyrinth
  8573 | Lab      | Noticed a minotaur
  8581 | Lab      | Killed a minotaur
  8608 | Lab      | Got a steaming scale mail
  8863 | D:11     | Found a blossoming altar of Fedhas.
  8865 | D:11     | Noticed a red ugly thing
  8870 | D:11     | Killed a red ugly thing
  9007 | D:11     | Reached skill level 10 in Armour
  9235 | D:12     | Received a gift from Trog
  9236 | D:12     | Got an ichor-stained dagger {god gift}
  9239 | D:12     | Identified the +8 dagger of Wuupn {speed, rC+} (Trog gifted it to you on level 12 of the Dungeon)
  9413 | D:12     | Reached XP level 12. HP: 83/108 MP: 11/11
  9525 | D:12     | Noticed a seven-headed hydra
  9530 | D:12     | Killed a seven-headed hydra
  9755 | D:12     | Noticed Urug
  9779 | D:12     | Killed Urug
  9779 | D:12     | Reached skill level 10 in Dodging
 10001 | D:12     | Reached skill level 13 in Short Blades
 10527 | D:13     | Gained mutation: Your muscles are strong. (Str +2) [mutagenic meat]
 10528 | D:13     | Gained mutation: You are frail. (-10% HP) [mutagenic meat]
 10529 | D:13     | Lost mutation: You are frail. (-10% HP) [potion of cure mutation]
 10529 | D:13     | Lost mutation: Your muscles are strong. (Str +2) [potion of cure mutation]
 10729 | D:13     | Identified the cursed +1 scale mail "Sapadgh" {rPois rF+ Dex+2} (You found it in a labyrinth)
 11723 | Lair:1   | Entered Level 1 of the Lair of Beasts
 11948 | Lair:1   | Noticed Gastronok
 11980 | Lair:1   | Killed Gastronok
 11980 | Lair:1   | Reached skill level 14 in Short Blades
 11980 | Lair:1   | Reached XP level 13. HP: 117/117 MP: 12/12
 13368 | Lair:2   | Reached skill level 10 in Shields
 14028 | Lair:3   | Found a staircase to the Swamp.
 14071 | Lair:3   | Found a hole to the Spider Nest.
 15408 | Lair:4   | Received a gift from Trog
 16200 | Lair:5   | Found a runed door.
 16200 | Lair:5   | Found a viscous altar of Jiyva.
 16200 | Lair:5   | Found a staircase to the Slime Pits.
 16340 | Lair:5   | Reached skill level 15 in Short Blades
 16450 | Lair:5   | Gained mutation: You have sharp toenails. [potion of beneficial mutation]
 17130 | Lair:6   | Entered Level 6 of the Lair of Beasts
 17156 | Lair:6   | Reached XP level 14. HP: 127/127 MP: 13/13
 17429 | Lair:6   | Received a gift from Trog
 18652 | Orc:1    | Entered Level 1 of the Orcish Mines
 18786 | Orc:1    | Received a gift from Trog
 18961 | Orc:1    | You fall through a shaft!
 18961 | Orc:2    | Entered Level 2 of the Orcish Mines
 19071 | Orc:2    | Found Goextiarr's Assorted Antiques.
 19080 | Orc:2    | Bought a fizzy inky potion for 29 gold pieces
 19080 | Orc:2    | Bought a scroll of blinking for 247 gold pieces
 19150 | Orc:2    | Noticed Azrael
 19161 | Orc:2    | Reached skill level 1 in Evocations
 19190 | Orc:2    | Killed Azrael
 19190 | Orc:2    | Reached skill level 16 in Short Blades
 19470 | Orc:2    | Found a staircase to the Elven Halls.
 19656 | Orc:2    | Found a roughly hewn altar of Beogh.
 19656 | Orc:2    | Found Pekloh's Distillery.
 19675 | Orc:2    | Bought 2 potions of beneficial mutation for 770 gold pieces
 19675 | Orc:2    | Bought a potion of curing for 33 gold pieces
 19675 | Orc:2    | Bought 2 potions of heal wounds for 110 gold pieces
 19675 | Orc:2    | Bought a potion of heal wounds for 55 gold pieces
 19675 | Orc:2    | Bought a potion of curing for 33 gold pieces
 19675 | Orc:2    | Bought a potion of heal wounds for 55 gold pieces
 19713 | Orc:2    | Found a roughly hewn altar of Beogh.
 19733 | Orc:2    | Found Cioso's Weapon Shop.
 19765 | Orc:2    | Found a roughly hewn altar of Beogh.
 19957 | Orc:1    | Received a gift from Trog
 20350 | Orc:2    | Noticed Saint Roka
 20357 | Orc:2    | Killed Saint Roka
 20357 | Orc:2    | Reached XP level 15. HP: 78/137 MP: 14/16
 20621 | Orc:2    | Found Pyziegha's Antique Armour Shop.
 20622 | Orc:2    | Found a roughly hewn altar of Beogh.
 20623 | Orc:2    | Found Morph's Antique Weapon Boutique.
 20669 | Orc:2    | Found a roughly hewn altar of Beogh.
 20707 | Orc:2    | Found a roughly hewn altar of Beogh.
 21172 | D:14     | Noticed Agnes
 21187 | D:14     | Killed Agnes
 21362 | D:14     | You fall through a shaft!
 21362 | D:15     | Entered Level 15 of the Dungeon
 21450 | D:15     | Noticed Sonja
 21456 | D:15     | Found Odegh's Food Shop.
 21463 | D:15     | Noticed Louise
 21907 | D:14     | Received a gift from Trog
 21933 | D:14     | Found a gate to the Vaults.
 22317 | D:14     | Noticed Shenda's ghost (journeyman GrFi)
 22416 | D:14     | Killed Shenda's ghost
 22444 | D:14     | Gained mutation: Your mind is acute. (Int +2) [mutagenic meat]
 22445 | D:14     | Gained mutation: Armour fits poorly on your strangely shaped body. [mutagenic meat]
 22446 | D:14     | Gained mutation: Your skin changes colour to match your surroundings (Stealth+). [mutagenic meat]
 22473 | D:14     | Noticed Shenda's ghost (journeyman GrFi)
 22495 | D:14     | Killed Shenda's ghost
 23437 | D:15     | Reached skill level 17 in Short Blades
 23445 | D:15     | Killed Louise
 23471 | D:15     | Gained mutation: Your spells are a little easier to cast, but a little less powerful. [mutagenic meat]
 23472 | D:15     | Gained mutation: Your muscles are strong. (Str +2) [mutagenic meat]
 23474 | D:15     | Gained mutation: You can translocate small distances at will. [mutagenic meat]
 23476 | D:15     | Lost mutation: Your spells are a little easier to cast, but a little less powerful. [mutagenic meat]
 23477 | D:15     | Gained mutation: You evolve. [mutagenic meat]
 23574 | D:15     | Killed Sonja
 24058 | D:15     | Gained mutation: You have a pair of large horns on your head. [evolution]
 24142 | D:15     | Found a staircase to the Depths.
 24289 | D:15     | Reached XP level 16. HP: 147/147 MP: 18/18
 24315 | D:15     | Gained mutation: Your mind is very acute. (Int +4) [potion of beneficial mutation]
 24473 | Swamp:1  | Entered Level 1 of the Swamp
 24546 | Swamp:1  | Received a gift from Trog
 25364 | Swamp:2  | Reached skill level 5 in Evocations
 26493 | Swamp:3  | Noticed a thorn hunter
 26514 | Swamp:3  | Killed a thorn hunter
 27223 | Swamp:4  | Entered Level 4 of the Swamp
 27254 | Swamp:3  | Reached skill level 15 in Fighting
 27418 | Swamp:4  | Reached skill level 15 in Armour
 27722 | Swamp:4  | Noticed a thorn hunter
 27749 | Swamp:4  | Killed a thorn hunter
 27842 | Swamp:4  | Got a decaying rune of Zot
 27950 | Swamp:4  | Received a gift from Trog
 28245 | Swamp:4  | Reached XP level 17. HP: 103/156 MP: 6/20
 29080 | Spider:1 | Entered Level 1 of the Spider Nest
 29737 | Spider:1 | Gained mutation: You have very sharp teeth. [evolution]
 29832 | Spider:1 | Received a gift from Trog
 31165 | Spider:2 | Received a gift from Trog
 31887 | Spider:4 | Entered Level 4 of the Spider Nest
 31898 | Spider:4 | Received a gift from Trog
 33159 | Spider:4 | Reached skill level 15 in Dodging
 33199 | Spider:4 | Reached skill level 15 in Shields
 33238 | Spider:4 | HP: 7/158 [spectral tarantella (9)]
 34094 | Spider:4 | Noticed Arachne
 34107 | Spider:4 | Killed Arachne
 34107 | Spider:4 | Reached XP level 18. HP: 168/168 MP: 7/23
 34157 | Spider:4 | Received a gift from Trog
 34222 | Spider:4 | HP: 6/168 [spectral hornet (16)]
 34222 | Spider:4 | Mangled by a spectral emperor scorpion

Vault maps used:
D:1:      minmay_arrival_arboretum_large, st_stairs_1, serial_bayou_pond_e
D:2:      nicolae_overflow_hidden_temple, marbit_many_paths
D:4:      okawaru_gym_becter, kennysheep_mini, minmay_temple_entry_butterflies,
          first_bread
D:5:      nicolae_overflow_crystal_walls, makhleb_grotto_becter, uniq_eustachio,
          uniq_blork_the_orc
D:6:      overflow_temple_1_default, lemuel_round_altar,
          lemuel_coloured_pillars_altar
D:7:      lemuel_doored_altar, xom_teletrap_fun, lemuel_round_altar, uniq_pikel
D:8:      grunt_temple_overflow_open, uniq_erolcha, uniq_prince_ribbit1,
          uniq_grum
D:9:      uniq_maurice, uniq_psyche, uniq_erica
D:10:     lair_0_dummy
D:11:     erik_orc_3, lab_entry_generic, hangedman_tree_tricks, uniq_fannar
D:12:     uniq_urug
D:13:     spider_trap
D:14:     minmay_blocking_statues, grunt_vaults_entry_tiered,
          minmay_misc_feat_alley, uniq_agnes
D:15:     gammafunk_enter_depths_forms, serial_shops, shop_statue, uniq_louise,
          uniq_sonja
Lair:1:   serial_bayou_shore_b, uniq_gastronok
Lair:2:   lemuel_reptile_caves, grunt_megastairs_5
Lair:3:   swamp_mist, spider_nest_entry_webs, infiniplex_staircase_pool,
          grunt_megastairs_4
Lair:5:   minmay_lair_oklob_items, slime_altar_2, grunt_forest_large_clearings,
          grunt_megastairs_1, serial_bayou_shore_a, lemuel_fruit_fields
Lair:6:   grunt_lair_end_beastmaster, bh_autumn_forest_stairs
Swamp:1:  nicolae_swamp_orc_logging_accident, swamp_pool2,
          nicolae_swamp_hydra_murder_den
Swamp:2:  evilmike_swamp_ruin_house_4
Swamp:3:  evilmike_swamp_ruin_house_3, swamp_pool3
Swamp:4:  swamp_alternative, swamp_pool5, evilmike_swamp_ruin_rubble_1
Spider:1: hangedman_spider_tarantella_strand
Spider:2: spider_trap
Spider:4: floodkiller_spider_rune_tomb, nicolae_spider_cling_ruins, uniq_arachne
Orc:1:    portal_ice_cave_entry_pillars_2, sword_in_stone
Orc:2:    grunt_orc_community_town_hall, grunt_orc_community_big_house_1,
          grunt_orc_community_big_house_2, grunt_orc_community_house_3,
          grunt_orc_community_house_2, grunt_orc_community_house_1,
          grunt_orc_community_house_1, grunt_orc_community_house_1,
          grunt_orc_community_house_3, serial_shops, shop, elves_outpost_lemuel,
          uniq_azrael
Lab:      nicolae_lab_arrow, lab_hedge, labyrinth_skeletal_remains,
          nicolae_lab_hexagon

Skill      XL: |  1  2  3  4  5  6  7  8  9 10 11 12 13 14 15 16 17 |
---------------+----------------------------------------------------+-----
Fighting       | 4 5 6 7 8 9 10 11 12 13 14 15 16 | 16.6
Short Blades   | 4 5 6 7 8 10 11 12 14 15 16 17 | 17.5
Armour         | 3 4 5 6 7 8 10 11 12 13 14 15 16 | 16.3
Dodging        | 3 4 5 6 7 8 9 10 11 12 13 14 15 | 15.3
Shields        | 2 4 6 8 9 10 11 12 14 15 | 15.2
Evocations     | 2 4 6 8 |  8.7

Action                   |  1- 3 |  4- 6 |  7- 9 | 10-12 | 13-15 | 16-18 || total
-------------------------+-------+-------+-------+-------+-------+-------++-------
Melee: Short sword       |   109 |    81 |    20 |       |       |       ||   210
       Headbutt          |    15 |    13 |    24 |   187 |   678 |   468 ||  1385
       Falchion          |       |       |   125 |   312 |       |       ||   437
       Dagger            |       |       |       |   347 |  2318 |    36 ||  2701
       Quick blade       |       |       |       |       |       |   662 ||   662
       Demon blade       |       |       |       |       |       |   872 ||   872
       Bite              |       |       |       |       |       |    83 ||    83
Throw: Javelin           |       |    20 |    81 |     5 |       |       ||   106
       Tomahawk          |       |       |       |   122 |     7 |       ||   129
Invok: Berserk           |     1 |     3 |     2 |     8 |    18 |    19 ||    51
       Trog's Hand       |       |     2 |     2 |     3 |     1 |     4 ||    12
       Burn Spellbooks   |       |     1 |       |     2 |     5 |     2 ||    10
       Brothers in Arms  |       |       |       |     5 |    13 |     9 ||    27
 Abil: Evoke Invisibilit |       |       |       |       |       |     4 ||     4
Evoke: Wand              |       |       |       |       |       |     3 ||     3
  Use: Scroll            |       |    10 |     2 |    18 |    19 |     2 ||    51
       Potion            |       |       |       |     1 |     1 |    18 ||    20
 Stab: Distracted        |       |       |       |     1 |     5 |       ||     6
       Petrified         |       |       |       |       |     1 |       ||     1
       Invisible         |       |       |       |       |       |    21 ||    21
  Eat: Chunk             |     2 |     2 |     5 |    31 |    78 |     2 ||   120
       Meat ration       |       |     1 |     1 |     2 |       |     2 ||     6
       Beef jerky        |       |       |       |       |     1 |       ||     1
       Royal jelly       |       |       |       |       |       |     3 ||     3
       Bread ration      |       |       |       |       |       |     8 ||     8
Armor: Chain mail        |    57 |    25 |       |    96 |       |       ||   178
       Animal skin       |     2 |       |       |       |       |       ||     2
       Plate armour      |       |     7 |    87 |    60 |       |       ||   154
       Scale mail        |       |       |       |    13 |   314 |   314 ||   641
Dodge: Dodged            |    57 |    25 |    74 |   194 |   649 |   895 ||  1894
Block: Buckler           |       |       |    15 |   102 |   169 |       ||   286
       Shield            |       |       |       |       |   500 |  1384 ||  1884
       Reflection        |       |       |       |       |       |     3 ||     3
